 Dungeon Crawl Stone Soup version 0.17-a0-1880-gacf7e67 (webtiles) character file.

3162 esc the Grappler (level 9, -7/82 (83) HPs)
             Began as a Ghoul Monk on Sept 21, 2015.
             Was an Elder of Dithmenos.
             Shot with a sling bullet by Joseph (17 damage)
             ... on level 8 of the Dungeon.
             The game lasted 00:23:43 (6592 turns).

esc the Grappler (Ghoul Monk)                       Turns: 6592, Time: 00:23:44

HP:   -7/82 (83)    AC: 13    Str: 20    XL:     9   Next: 94%
MP:   8/8           EV: 10    Int:  5    God:    Dithmenos [****..]
Gold: 280           SH:  0    Dex: 14    Spells: 0 memorised, 8 levels left

rFire  . . .     SeeInvis .     o - +1 blowgun
rCold  + + .     Clarity  .     x - +4 chain mail
rNeg   + + +     SustAt   .     (no shield)
rPois  ∞         Gourm    .     (no helmet)
rElec  .         Spirit   .     (no cloak)
rCorr  .         Warding  .     (no gloves)
rMut   .         Stasis   .     (no boots)
MR     +....                    (no amulet)
Stlth  ..........               t - ring of protection from cold {rC+, !d}
                                i - ring of protection from magic {MR+, !d}

@: mighty, very slightly contaminated, rotting, wreathed by umbra, invisible
(expiring), somewhat resistant to hostile enchantments, extremely unstealthy
A: rotting body, claws 1, carnivore 3, cold resistance 1, negative energy
resistance 3, slow healing 1, torment resistance, unbreathing
a: Shadow Step, Renounce Religion


You were on level 8 of the Dungeon.
You worshipped Dithmenos.
Dithmenos was greatly pleased with you.
You were not hungry.

You visited 1 branch of the dungeon, and saw 9 of its levels.
You also visited: Sewer and Ossuary.

You collected 280 gold pieces.

Inventory:

Hand weapons
 o - a +1 blowgun (weapon)
   (You took it off a kobold in a sewer)
Armour
 a - a +1 robe
 x - a +4 chain mail (worn)
   (You found it on level 5 of the Dungeon)
 D - a +0 buckler
   (You found it on level 7 of the Dungeon)
Jewellery
 i - a ring of protection from magic (left claw) {MR+, !d}
   (You found it on level 2 of the Dungeon)
 l - an uncursed ring of magical power {MP+9}
   (You found it on level 5 of the Dungeon)
 m - an uncursed ring of wizardry {Wiz+, !d}
   (You took it off an orc on level 3 of the Dungeon)
 t - a ring of protection from cold (right claw) {rC+, !d}
   (You found it on level 5 of the Dungeon)
Magical devices
 u - a wand of flame (34)
   (You found it on level 5 of the Dungeon)
 y - a wand of magic darts (28)
   (You found it on level 6 of the Dungeon)
Scrolls
 f - 5 scrolls of remove curse
 s - a scroll of magic mapping {!r}
 v - a scroll of enchant armour
 E - 2 scrolls of identify
Potions
 c - 2 potions of agility {unknown}
 d - 5 potions of heal wounds {unknown}
 e - 3 potions of degeneration {!q}
 h - a potion of haste {unknown}
 j - a potion of resistance
 k - a potion of mutation {unknown}
 q - 2 potions of flight
 r - 5 potions of curing
 B - a potion of lignification {unknown}
Comestibles
 b - 5 meat rations {@e2}
 A - 5 chunks of flesh {@w0}


   Skills:
 + Level 9.2 Fighting
 + Level 5.1 Armour
 - Level 5.4 Dodging
 - Level 2.1 Stealth
 + Level 9.7 Unarmed Combat


You had 8 spell levels left.
You didn't know any spells.

Dungeon Overview and Level Annotations

Branches:
Dungeon (9/15)
 Temple: D:4-7         Lair: D:8-11         Orc: D:9-12

Altars:
Cheibriados
Dithmenos
Elyvilon
Fedhas
Nemelex Xobeh
Qazlal
Sif Muna
Trog
Xom
Yredelemnul
Zin
The Shining One

Shops:
D:6 [

Annotations:
D:2 Terence
D:3 exclusion: Sigmund, Sigmund
D:8 Joseph


Innate Abilities, Weirdness & Mutations

Your body is rotting away.
You thrive on raw meat.
You are immune to poison.
You have sharp fingernails.
You are carnivorous and can eat meat at any time.
Your flesh is cold resistant.
You are immune to negative energy.
You heal slowly when monsters are visible.
You are immune to unholy pain and torment.
You can survive without breathing.


Message History

You take 7 damage, and have 61/82 hp.
Aim: Joseph, wielding a hunting sling of evasion and wearing a leather armour (umbra)
You shoot a poisoned needle.
The poisoned needle barely misses Joseph.
Joseph shoots a sling bullet.
The sling bullet hits you!
You take 16 damage, and have 45/82 hp.
Okay, then.
Unknown command.
Aim: Joseph, wielding a hunting sling of evasion and wearing a leather armour (umbra)
You shoot a poisoned needle. The poisoned needle misses Joseph.
Aim: Joseph, wielding a hunting sling of evasion and wearing a leather armour (umbra)
You shoot a poisoned needle. The poisoned needle hits Psyche!
Psyche looks even sicker.
Drink which item? (? for menu, Esc to quit)
Okay, then.
Read which item? (? for menu, Esc to quit)
Okay, then.
Unknown command.
Drink which item? (? for menu, Esc to quit)
You fade into invisibility!
Psyche casts a spell.
Psyche seems to speed up.
Joseph shoots a sling bullet.
The sling bullet hits Psyche!
You are very lightly contaminated with residual magic.
Drink which item? (? for menu, Esc to quit)
You feel very mighty all of a sudden. Psyche completely misses you.
Joseph shoots a sling bullet.
The sling bullet hits you!
You take 13 damage, and have 32/82 hp.
Psyche gestures wildly while chanting.
Psyche flickers and vanishes!
Deactivating autopickup; reactivate with Ctrl-A.
Read which item? (? for menu, Esc to quit)
As you read the scroll of fog, it crumbles to dust.
The scroll dissolves into smoke.
Aim: Joseph, wielding a hunting sling of evasion and wearing a leather armour (grey smoke, umbra)
You shoot a poisoned needle. The poisoned needle misses Joseph.
A puff of flame appears from out of thin air!
The puff of flame hits Joseph.
Wield which item (- for none, * to show all)? (? for menu, Esc to quit)
You are now empty-clawed.
You closely miss Joseph.
Joseph unwields an uncursed hunting sling of evasion.
Joseph wields an uncursed quarterstaff of speed.
Joseph closely misses you.
You completely miss Joseph.
You catch the helpless Joseph completely off-guard!
You scratch Joseph.
You catch the helpless Joseph completely off-guard!
You claw Joseph!
Joseph hits you with an uncursed quarterstaff of speed.
A magic dart appears from out of thin air!
The magic dart hits you!
You take 7 damage, and have 26/82 hp.
You closely miss Joseph.
Joseph hits you with an uncursed quarterstaff of speed.
* * * LOW HITPOINT WARNING * * *
You take 5 damage, and have 21/82 hp.
You see here 2 sling bullets.
You claw Joseph! Dithmenos accepts your kill.
Dithmenos appreciates your extinguishing a source of fire.
Your Armour skill increases to level 5!
You feel a bit more experienced. Joseph barely misses you.
You barely miss Joseph.
Joseph hits you with an uncursed quarterstaff of speed!
* * * LOW HITPOINT WARNING * * *
You take 14 damage, and have 7/82 hp.
You see here a poisoned needle.
You see here a poisoned needle.
You see here a poisoned needle.
The kobold shouts!
Joseph shouts, "At last, some action!"
The kobold shoots a poisoned needle.
Joseph shouts, "Return immediately or I'll kill you!"
An orc comes into view. It is wielding a falchion.
The orc shouts!
The orc shouts!
The orc shouts!
Joseph unwields an uncursed quarterstaff of speed.
Joseph wields an uncursed hunting sling of evasion.
Joseph shoots a sling bullet.
The sling bullet barely misses you.
You see here a sling bullet.
The orc shouts!
Joseph says, "It's nothing personal, but I have to kill you."
Joseph shoots a sling bullet.
The orc shouts!
Drink which item? (? for menu, Esc to quit)
Okay, then.
Unknown command.
Unknown command.
Wield which item (- for none, * to show all)? (? for menu, Esc to quit)
o - a +1 blowgun (weapon)
Joseph shoots a sling bullet.
The sling bullet closely misses you.
Aim: Joseph, wielding a hunting sling of evasion and wearing a leather armour (heavily wounded, umbra)
You shoot a poisoned needle. The poisoned needle misses Joseph.
You flicker for a moment.
The orc shouts!
Joseph shoots a sling bullet.
The sling bullet hits you!
You die...

#..........#
##..........######
..................
##.....§§§.)# #.# #
.......§§§..# #.#.#
........§§..####.#.
.)#######§§......(
..# ####§######.#
..# #...(..# #@#
..# #......# ##.#
..# #......# #(.#
######...(..###.o#
.........(..(..@.#
.......(...K###K.#
.......(......(..#
..........K..###.#
.............# #.#


You could see Joseph, an orc and a kobold.

Vanquished Creatures
  Psyche (D:8)
  A yak (D:8)
  2 hungry ghosts
  A sky beast (D:7)
  2 ice beasts
  A phantom (D:5)
  3 ogres
  A centaur (D:6)
  9 big kobolds
  A giant frog (D:6)
  2 water moccasin zombies (Ossuary)
  A scorpion (D:4)
  2 hounds (D:5)
  3 crimson imps
  A wasp zombie (D:9)
  An orc priest (D:5)
  A giant frog skeleton (D:6)
  A jelly (D:6)
  6 orc wizards
  9 worker ants
  5 big kobold zombies (Ossuary)
  3 mummies
  6 adders
  A gnoll (D:1)
  3 shadow imps
  2 oozes
  6 adder zombies
  2 worms
  9 giant geckos
  24 orcs
  3 bats (D:1)
  6 giant cockroaches
  5 goblins
  8 hobgoblins
  8 kobolds
  4 quokkas
  3 giant newts
  2 gnoll zombies (Ossuary)
  4 hobgoblin zombies (Ossuary)
  5 jackals
  A jackal zombie (D:5)
  4 kobold zombies (Ossuary)
  7 orc zombies (Ossuary)
  10 rats
180 creatures vanquished.

Vanquished Creatures (others)
  A bat (D:1)
  A goblin (D:1)
  A rat (D:1)
3 creatures vanquished.

Grand Total: 183 creatures vanquished

Notes
Turn   | Place    | Note
--------------------------------------------------------------
     0 | D:1      | esc the Ghoul Monk began the quest for the Orb.
     0 | D:1      | Reached XP level 1. HP: 19/19 MP: 0/0
   193 | D:1      | Reached XP level 2. HP: 20/25 MP: 1/1
   421 | D:1      | Reached XP level 3. HP: 12/32 MP: 2/2
   948 | D:1      | Reached skill level 4 in Fighting
  1272 | D:2      | Found a shimmering altar of Xom.
  1281 | D:2      | Reached skill level 5 in Unarmed Combat
  1323 | D:2      | Found a white marble altar of Elyvilon.
  1323 | D:2      | Found a glowing golden altar of the Shining One.
  1324 | D:2      | Found a glowing silver altar of Zin.
  1434 | D:2      | Reached skill level 3 in Dodging
  1518 | D:2      | Reached XP level 4. HP: 22/37 MP: 3/3
  1522 | D:2      | Found a sparkling altar of Nemelex Xobeh.
  1554 | D:2      | Noticed Terence
  1675 | D:2      | Found a faded altar to an unknown god.
  1684 | D:2      | Became a worshipper of Dithmenos the Shadowed
  1684 | D:2      | Acquired Dithmenos's first power
  1808 | D:3      | Noticed Sigmund
  1842 | D:3      | HP: 8/38 [orc/club (2)]
  1849 | D:2      | HP: 8/38 [orc/club (1)]
  1903 | D:3      | HP: 7/38 [giant gecko (2)]
  1908 | D:3      | HP: 6/38 [giant gecko (1)]
  2217 | D:3      | Acquired Dithmenos's second power
  2217 | D:3      | Reached XP level 5. HP: 28/45 MP: 4/4
  2237 | D:3      | HP: 11/47 [orc/hand axe (5)]
  2423 | D:4      | Found a basalt altar of Yredelemnul.
  2435 | D:4      | HP: 11/46 [orc/whip (3)]
  2463 | D:3      | HP: 7/46 [worker ant (6)]
  2479 | D:3      | Reached skill level 5 in Fighting
  2626 | D:4      | Reached XP level 6. HP: 25/56 MP: 5/5
  2671 | D:4      | Found a glowing drain.
  2702 | Sewer    | Entered a sewer
  2798 | Sewer    | Reached skill level 4 in Dodging
  2844 | Sewer    | Found a white marble altar of Elyvilon.
  2896 | D:5      | Entered Level 5 of the Dungeon
  2943 | D:4      | Reached skill level 6 in Unarmed Combat
  2998 | D:4      | HP: 13/56 [orc wizard/magic dart (6)]
  3000 | D:4      | HP: 5/56 [orc/hand axe (4)]
  3007 | D:4      | HP: 10/56 [orc/hand axe (3)]
  3016 | D:4      | Reached XP level 7. HP: 20/62 MP: 6/6
  3261 | D:5      | Found a sand-covered staircase.
  3267 | Ossuary  | Entered an ossuary
  3312 | Ossuary  | Acquired Dithmenos's third power
  3323 | Ossuary  | HP: 14/62 [big kobold zombie (3)]
  3593 | Ossuary  | Reached skill level 6 in Fighting
  3656 | Ossuary  | Reached skill level 5 in Dodging
  3922 | D:5      | Reached skill level 7 in Unarmed Combat
  3922 | D:5      | Reached XP level 8. HP: 37/70 MP: 7/7
  4470 | D:5      | Reached skill level 1 in Armour
  4661 | D:6      | Reached skill level 7 in Fighting
  4705 | D:6      | Reached skill level 2 in Armour
  4848 | D:6      | Found a stormy altar of Qazlal.
  4857 | D:6      | Found a blossoming altar of Fedhas.
  4910 | D:6      | Reached skill level 8 in Unarmed Combat
  5153 | D:6      | Found a snail-covered altar of Cheibriados.
  5159 | D:6      | Found Heij's Antique Armour Shoppe.
  5214 | D:6      | Reached skill level 3 in Armour
  5214 | D:6      | Reached XP level 9. HP: 32/80 MP: 8/8
  5537 | D:7      | Reached skill level 8 in Fighting
  5688 | D:7      | Found a deep blue altar of Sif Muna.
  5860 | D:7      | Found a bloodstained altar of Trog.
  6068 | D:7      | Reached skill level 9 in Unarmed Combat
  6202 | D:8      | Reached skill level 4 in Armour
  6278 | D:8      | Noticed Joseph
  6419 | D:8      | Reached skill level 9 in Fighting
  6439 | D:8      | HP: 19/83 [yak (11)]
  6551 | D:8      | Noticed Psyche
  6570 | D:8      | Killed Psyche
  6570 | D:8      | Reached skill level 5 in Armour
  6571 | D:8      | HP: 7/82 [Joseph/uncursed quarterstaff of speed (14)]
  6592 | D:8      | Shot with a sling bullet by Joseph

Vault maps used:
D:1:      dpeg_arrival_court, lemuel_flame_loot_1
D:2:      good_gods_temple_1, lemuel_round_altar, ecumenical_altar_2,
          nemelex_lonely_heart_becter, uniq_terence
D:3:      first_bread, uniq_sigmund
D:4:      kennysheep_little_box, overflow_temple_1_default, temple_hall,
          portal_sewer_entry_c, uniq_eustachio
D:5:      gup_ossuary_entry_pyramid, kennysheep_generic_room_2
D:6:      grunt_temple_overflow_forces_of_nature, kennysheep_mini, serial_shops,
          nicolae_shop_overgrown_old_shop
D:7:      overflow_temple_1_default, old_standard_altar, minmay_misc_feat_chi
D:8:      vehumet_altar_wand_db, makhleb_grotto_becter, special_room,
          uniq_joseph, uniq_psyche
D:9:      serial_co_window_serial, co_window_paths_b, co_window_corner_a,
          co_window_paths_b, co_window_paths_b, co_window_paths_b,
          co_window_paths_c, co_window_unsneaky_path_e, co_window_corner_b,
          co_window_paths_c, co_window_sun, glass_columns_a, glass_columns_b
Sewer:    sewer_kobolds
Ossuary:  ossuary_tomb_2

Action                   |  1- 3 |  4- 6 |  7- 9 || total
-------------------------+-------+-------+-------++-------
Melee: Unarmed           |    74 |   244 |   472 ||   790
 Fire: Blowgun           |       |     1 |    48 ||    49
  Use: Scroll            |     4 |     5 |    11 ||    20
       Potion            |       |     3 |     2 ||     5
 Stab: Sleeping          |     7 |     6 |     4 ||    17
       Invisible         |       |     3 |     2 ||     5
       Distracted        |       |     1 |       ||     1
  Eat: Chunk             |     1 |    25 |    19 ||    45
       Beef jerky        |       |       |     1 ||     1

Vault maps used:
D:1:      dpeg_arrival_court, lemuel_flame_loot_1
D:2:      good_gods_temple_1, lemuel_round_altar, ecumenical_altar_2,
          nemelex_lonely_heart_becter, uniq_terence
D:3:      first_bread, uniq_sigmund
D:4:      kennysheep_little_box, overflow_temple_1_default, temple_hall,
          portal_sewer_entry_c, uniq_eustachio
D:5:      gup_ossuary_entry_pyramid, kennysheep_generic_room_2
D:6:      grunt_temple_overflow_forces_of_nature, kennysheep_mini, serial_shops,
          nicolae_shop_overgrown_old_shop
D:7:      overflow_temple_1_default, old_standard_altar, minmay_misc_feat_chi
D:8:      vehumet_altar_wand_db, makhleb_grotto_becter, special_room,
          uniq_joseph, uniq_psyche
D:9:      serial_co_window_serial, co_window_paths_b, co_window_corner_a,
          co_window_paths_b, co_window_paths_b, co_window_paths_b,
          co_window_paths_c, co_window_unsneaky_path_e, co_window_corner_b,
          co_window_paths_c, co_window_sun, glass_columns_a, glass_columns_b
Sewer:    sewer_kobolds
Ossuary:  ossuary_tomb_2

Table legend:
 A = Turns spent in this place as a percentage of turns spent in the entire game.
 B = Non-inter-level travel turns spent in this place as a percentage of non-inter-level travel turns spent in the entire game.
 C = Inter-level travel turns spent in this place as a percentage of turns spent in this place.
 D = Turns resting spent in this place as a percentage of non-inter-level travel turns spent in this place.
 E = Turns spent auto-exploring this place as a percentage of non-inter-level travel turns spent in this place.
 F = Non-inter-level travel turns spent in this place divided by the number of levels of this place that you've seen.
                   A       B       C       D       E      F
               +-------+-------+-------+-------+-------+----------------------
         Total | 100.0 | 100.0 |   0.3 |   0.3 |   5.0 | 263.8
       Dungeon |  86.2 |  86.1 |   0.4 |   0.2 |   5.6 | 277.7
         Sewer |   3.4 |   3.4 |   0.0 |   0.0 |   5.0 | 100.0
       Ossuary |  10.4 |  10.4 |   0.0 |   1.3 |   0.0 | 303.0
               +-------+-------+-------+-------+-------+----------------------

Table legend:
 A = Kills in this place as a percentage of kills in entire the game.
 B = Kills by you in this place as a percentage of kills by you in the entire game.
 C = Kills by friends in this place as a percentage of kills by friends in the entire game.
 D = Other kills in this place as a percentage of other kills in the entire game.
 E = Experience gained in this place as a percentage of experience gained in the entire game.
 F = Experience gained in this place divided by the number of levels of this place that you have seen.
                   A       B       C       D       E      F
               +-------+-------+-------+-------+-------+----------------------
         Total | 100.0 | 100.0 |  -nan |  -nan | 100.0 | 410.7
       Dungeon |  77.8 |  77.8 |  -nan |  -nan |  89.8 | 450.8
         Sewer |   5.0 |   5.0 |  -nan |  -nan |   2.2 |  99.0
       Ossuary |  17.2 |  17.2 |  -nan |  -nan |   8.0 | 362.0
               +-------+-------+-------+-------+-------+----------------------
